 Dungeon Crawl Stone Soup version 0.30-a0-439-g9e77e4d916 (webtiles) character file.

Game seed: 1508152395633981553

9642 p00ps00p the Cleaver (level 11, -27/102 HPs)
             Began as a Hill Orc Fighter on Dec 10, 2022.
             Was an Initiate of Gozag.
             Killed from afar by an efreet (30 damage)
             ... with a bolt of fire
             ... in a Gauntlet.
             The game lasted 00:16:12 (10330 turns).

p00ps00p the Cleaver (Hill Orc Fighter)            Turns: 10330, Time: 00:16:13

Health: -27/102    AC: 23    Str: 28    XL:     11   Next: 49%
Magic:  11/11      EV:  9    Int:  5    God:    Gozag
Gold:   597        SH: 12    Dex: 18    Spells: 10/10 levels left

rFire   . . .      SeeInvis .    y - +3 broad axe of the Foremost Heavens {drain, Str+4}
rCold   + + .      Faith    .    H - +0 kite shield {rC+}
rNeg    + + .      Spirit   .    r - +2 scale mail {rC+}
rPois   .          Reflect  .    A - +0 helmet
rElec   +          Harm     .    v - +1 cloak "Xorepe" {Stlth+}
rCorr   .          Rampage  .    x - +1 pair of gloves
Will    .....      NoTele   +    E - +1 pair of boots of Gyito {rN+}
Stlth   +.........               (no amulet)
HPRegen 0.37/turn                q - +6 ring of dexterity
MPRegen 0.12/turn                d - ring of Greed {rElec rN+ AC+4 Int-3 Dex+2}

@: no status effects
A: no striking features
a: Renounce Religion, Potion Petition, Call Merchant, Bribe Branch


You were in a Gauntlet.
You worshipped Gozag.
Gozag was pleased with you.
You visited 3 branches of the dungeon, and saw 14 of its levels.
You also visited: Gauntlet.

You collected 3003 gold pieces.
You spent 1284 gold pieces at shops.
You paid 1122 gold pieces to Gozag.

Inventory:

Hand Weapons
 a - a +2 vorpal war axe
 y - the +3 broad axe of the Foremost Heavens (weapon) {drain, Str+4}
   (You bought it in a shop on level 4 of the Dungeon)

   A truly terrible weapon, it drains the life of any living foe it strikes.
   Str:       It affects your strength (+4).
 F - a +2 whip of flaming
Missiles
 n - 6 atropa-tipped darts (quivered)
 o - 25 poisoned darts
Armour
 c - a +1 buckler
 r - a +2 scale mail of cold resistance (worn)
 v - the +1 cloak "Xorepe" (worn) {Stlth+}
   (You found it on level 5 of the Dungeon)

   Stlth:     It makes you more stealthy.
 x - a +1 pair of gloves (worn)
 A - a +0 helmet (worn)
 E - the +1 pair of boots of Gyito (worn) {rN+}
   (You bought it in a shop on level 11 of the Dungeon)

   rN:        It protects you from negative energy.
 H - a +0 kite shield of cold resistance (worn)
Jewellery
 b - a ring of willpower
 d - the ring of Greed (right hand) {rElec rN+ AC+4 Int-3 Dex+2}
   (You acquired it on level 4 of the Dungeon)

   [ring of protection]

   AC:        It affects your AC (+4).
   Int:       It affects your intelligence (-3).
   Dex:       It affects your dexterity (+2).
   rElec:     It insulates you from electricity.
   rN:        It protects you from negative energy.
 g - a ring of wizardry
 q - a +6 ring of dexterity (left hand)
 t - a ring of protection from cold
 G - an amulet of magic regeneration
 J - the brooch of Shielding {Spirit SH+8}
   (You found it in a Gauntlet)

   [amulet of guardian spirit]

   It causes incoming damage to be divided between your reserves of health and
   magic.
   SH:        It affects your SH (+8).
Wands
 s - a wand of paralysis (18)
 z - a wand of roots (8)
Scrolls
 f - a scroll of fear
 k - 3 scrolls of silence
 p - 3 scrolls of butterflies
 u - a scroll of magic mapping
 B - 4 scrolls of teleportation
Potions
 e - 5 potions of curing
 h - 3 potions of attraction
 i - 2 potions of lignification
 j - 3 potions of degeneration
 l - 2 potions of brilliance
 m - a potion of flight
 w - a potion of heal wounds {unknown}
 D - a potion of cancellation {unknown}
 I - a potion of resistance {unknown}
 K - a potion of ambrosia {unknown}


   Skills:
 + Level 11.2 Fighting
 + Level 11.9 Axes
 + Level 10.3 Armour
 + Level 10.3 Shields


You had 10 spell levels left.
You didn't know any spells.
Your spell library contained the following spells:

 Spells                   Type           Power      Damage    Failure   Level
 Cigotuvi's Dreadful Rot  Necr/Pois/Air  0%         N/A       98%         2
 Ensorcelled Hibernation  Hex/Ice        0%         N/A       98%         2
 Poisonous Vapours        Pois/Air       0%         N/A       98%         2
 Frozen Ramparts          Ice            0%         1d1       100%        3
 Inner Flame              Hex/Fire       0%         N/A       100%        3
 Mephitic Cloud           Conj/Pois/Air  0%         N/A       100%        3
 Summon Guardian Golem    Hex/Summ       0%         N/A       100%        3
 Ice Form                 Ice/Tmut       0%         N/A       100%        4
 Sticky Flame             Conj/Fire      0%         2d3       100%        4
 Summon Ice Beast         Ice/Summ       0%         N/A       100%        4
 Orb of Destruction       Conj           0%         9d5       100%        7
 Spellforged Servitor     Conj/Summ      0%         N/A       100%        7


Dungeon Overview and Level Annotations

Branches:
Dungeon (12/15)            Temple (1/1) D:5            Lair (0/5) D:8
    Orc (2/2) D:11            Elf (0/3) Orc:2       Gauntlet (1/1)

Altars:
Ashenzari
Cheibriados
Dithmenos
Elyvilon
Fedhas
Gozag
Hepliaklqana
Kikubaaqudgha
Makhleb
Nemelex Xobeh
Okawaru
Qazlal
Ru
Sif Muna
Uskayaw
Vehumet
Wu Jian
Xom
Yredelemnul
Zin
The Shining One

Shops:
D:4 *(   D:11 **

Annotations:
D:7 2 transporters Gauntlet 9 transporters, 3 runed translucent doors


Message History

* * * LOW HITPOINT WARNING * * *
You block the fire elemental's attack. x2
The seven-headed hydra bites your golden eye.
The seven-headed hydra bites your golden eye!
Your golden eye is killed!
Your golden eye dissolves into shadows!
You are too injured to fight recklessly!
You slash the fire elemental!
The fire elemental is severely damaged.
You hit the fire elemental. The fire elemental hits you.
The fire elemental burns you!
* * * LOW HITPOINT WARNING * * *
You block the fire elemental's attack.
You hit the fire elemental.
The fire elemental is severely damaged.
You closely miss the fire elemental. The hell hound breathes flames at you.
The blast of flame hits the fire elemental.
The fire elemental completely resists.
The blast of flame hits you but does no damage.
The fire elemental closely misses you. The fire elemental hits you.
The fire elemental burns you!
* * * LOW HITPOINT WARNING * * *
The fire elemental barely misses you. You block the fire elemental's attack.
You block the fire elemental's attack. You block the fire elemental's attack.
The hell hound breathes flames at you.
The blast of flame hits the fire elemental.
The fire elemental completely resists.
The blast of flame hits the fire elemental.
The fire elemental completely resists.
The blast of flame hits you!!
* * * LOW HITPOINT WARNING * * *
The efreet gestures at you.
The bolt of fire misses the hell hound.
The bolt of fire hits the fire elemental.
The fire elemental completely resists.
The bolt of fire misses the fire elemental.
The bolt of fire hits you!!
You die...
Your body crumbles into a pile of gold.

######...#.○....○○.#...##
#.#.##...#.##...##.#..§≈#
.#.#.#####..##.##.[#...##
#.#.##...#.☼R#.#..?#...≈#
.#.#w#G8D#.☼.hh#..©#.8.##
#©#}##G..#...#○#...#...≈#
.#.#}#####..##E##.[#...##
#.#.##...#.##..E##.#...≈#
######...#......@..#...##
.........###########...≈#
.8.....8...............## ###
..............8.....8.## #...
#######...............≈##..#
...#.Z#...#########...##...##
..#..B#...#.......#...#......
..#..Z#####.w##..=#...#.8©.##
.#...[#...##..##!=#...#....##


You could see an efreet, a swamp worm (wandering), 2 fire elementals and a hell
hound (catching breath).

Vanquished Creatures
  A centaur warrior (D:7)
  2 two-headed ogres (D:11)
  Pikel (D:8)
  An ugly thing (D:11)
  Psyche (D:11)
  An unseen horror (D:11)
  6 trolls
  A shadow (D:11)
  A vampire (D:11)
  2 wyverns (D:7)
  4 yaks
  A warg (Orc:1)
  5 water moccasins
  Pargi (D:3)
  6 orc warriors
  An ice beast (D:5)
  2 black bears
  2 ogres
  2 centaurs
  2 phantoms
  2 lemures (D:8)
  Blork the orc (D:5)
  A kobold brigand (D:6)
  2 necrophages
  2 bullfrogs
  2 gnoll sergeants
  3 scorpions
  3 wights (D:8)
  5 killer bees (D:9)
  3 jellies
  5 hounds
  4 orc priests
  A gnoll bouda (D:8)
  7 orc wizards
  2 iguanas (D:6)
  9 gnolls (D:8)
  7 adders
  2 shadow imps (D:6)
  3 white imps
  A worm (D:5)
  6 dart slugs
  46 orcs
  8 bats
  6 endoplasms
  4 giant cockroaches
  7 goblins
  14 hobgoblins
  8 jackals
  6 kobolds
  5 quokkas
  6 ball pythons
  A frilled lizard (D:1)
  3 rats
228 creatures vanquished.

Notes
Turn   | Place    | Note
-------+----------+-------------------------------------------
     0 | D:1      | p00ps00p the Hill Orc Fighter began the quest for the Orb.
     0 | D:1      | Reached XP level 1. HP: 19/19 MP: 1/1
   143 | D:1      | Reached XP level 2. HP: 27/27 MP: 2/2
   527 | D:1      | Reached XP level 3. HP: 33/33 MP: 3/3
  1053 | D:2      | Reached XP level 4. HP: 38/40 MP: 4/4
  1273 | D:2      | Found a faded altar of an unknown god.
  2084 | D:3      | Noticed Pargi
  2096 | D:3      | Killed Pargi
  2097 | D:3      | Reached XP level 5. HP: 22/47 MP: 5/5
  2475 | D:4      | Noticed a phantom
  2482 | D:4      | Found Lunypt's Weapon Boutique.
  2490 | D:4      | Killed a phantom
  2491 | D:4      | Reached skill level 5 in Fighting
  2491 | D:4      | Reached XP level 6. HP: 44/56 MP: 6/6
  2911 | D:4      | Got the Anthology of Red-Hot Graupel
  3226 | D:4      | Reached skill level 5 in Axes
  3361 | D:4      | Found Myrigry's CLEARANCE SALE!.
  3709 | D:5      | Entered Level 5 of the Dungeon
  3770 | D:5      | Noticed Blork the orc
  3775 | D:5      | Killed Blork the orc
  4004 | D:5      | Found a staircase to the Ecumenical Temple.
  4032 | D:5      | Reached skill level 5 in Armour
  4032 | D:5      | Reached skill level 5 in Shields
  4032 | D:5      | Reached XP level 7. HP: 22/61 MP: 7/7
  4052 | Temple   | Entered the Ecumenical Temple
  4418 | Temple   | Became a worshipper of Gozag Ym Sagoz the Greedy
  4864 | D:5      | Identified the +1 cloak "Xorepe" {Stlth+}
  4890 | D:5      | Reached XP level 8. HP: 64/71 MP: 8/8
  5396 | D:6      | Noticed a troll
  5413 | D:6      | Killed a troll
  5749 | D:6      | Reached XP level 9. HP: 74/79 MP: 9/9
  6668 | D:4      | Bought the +3 broad axe of the Foremost Heavens {drain,
                  | Str+4} for 451 gold pieces
  6668 | D:4      | Identified a scroll of acquirement
  6668 | D:4      | Acquired the ring of Greed {rElec rN+ AC+4 Int-3 Dex+2}
  7084 | D:7      | Found a transporter.
  7158 | D:7      | Found a transporter.
  7177 | D:7      | Noticed a troll
  7185 | D:7      | Killed a troll
  7364 | D:7      | Noticed a centaur warrior
  7373 | D:7      | Killed a centaur warrior
  7374 | D:7      | Reached XP level 10. HP: 62/91 MP: 10/10
  7903 | D:8      | Reached skill level 10 in Axes
  7973 | D:8      | Noticed Pikel
  7981 | D:8      | Killed Pikel
  8104 | D:8      | Found a staircase to the Lair.
  8680 | D:9      | Reached skill level 10 in Fighting
  8832 | D:9      | You fall into a shaft and drop 3 floors!
  8888 | D:11     | Acquired 1295 gold pieces
  8898 | D:11     | Noticed Psyche
  8906 | D:11     | Killed Psyche
  8931 | D:11     | Bought a scroll of teleportation for 87 gold pieces
  8931 | D:11     | Bought a scroll of teleportation for 87 gold pieces
  8931 | D:11     | Bought a scroll of fear for 116 gold pieces
  8931 | D:11     | Bought a pair of jewelled boots for 275 gold pieces
  8931 | D:11     | Identified the +1 pair of boots of Gyito {rN+} (You bought
                  | it in a shop on level 11 of the Dungeon)
  8954 | D:11     | Bought a runed kite shield for 240 gold pieces
  8954 | D:11     | Bought a bubbling coppery potion for 28 gold pieces
  9059 | D:11     | Killed an unseen horror
  9060 | D:11     | Reached XP level 11. HP: 92/101 MP: 11/11
  9195 | D:11     | Noticed a two-headed ogre
  9205 | D:11     | Killed a two-headed ogre
  9252 | D:11     | Found a staircase to the Orcish Mines.
  9395 | D:11     | Noticed a two-headed ogre
  9401 | D:11     | Killed a two-headed ogre
  9402 | D:11     | Reached skill level 10 in Armour
  9402 | D:11     | Reached skill level 10 in Shields
  9575 | D:11     | Noticed a green ugly thing
  9594 | D:11     | Killed a green ugly thing
  9872 | Orc:1    | Entered Level 1 of the Orcish Mines
 10038 | Orc:2    | Entered Level 2 of the Orcish Mines
 10078 | Orc:2    | Found a gate leading to a gauntlet.
 10090 | Gauntlet | Entered a Gauntlet
 10090 | Gauntlet | Found a transporter.
 10095 | Gauntlet | Noticed a death scarab
 10095 | Gauntlet | Noticed a death scarab
 10098 | Gauntlet | Noticed a seven-headed hydra
 10099 | Gauntlet | Found a transporter.
 10112 | Gauntlet | Found a transporter.
 10113 | Gauntlet | Found the brooch of Shielding {Spirit SH+8}
 10115 | Gauntlet | Found a transporter.
 10131 | Gauntlet | Found a transporter.
 10145 | Gauntlet | Found a transporter.
 10155 | Gauntlet | Found a transporter.
 10159 | Gauntlet | Noticed a wizard
 10180 | Gauntlet | Found a transporter.
 10182 | Gauntlet | Found a transporter.
 10184 | Gauntlet | Found a runed translucent gate.
 10184 | Gauntlet | Found a runed translucent gate.
 10190 | Gauntlet | Found a transporter.
 10198 | Gauntlet | Noticed a great orb of eyes
 10201 | Gauntlet | Found a runed translucent gate.
 10201 | Gauntlet | Noticed a red ugly thing
 10211 | Gauntlet | Found a transporter.
 10213 | Gauntlet | Found a transporter.
 10219 | Gauntlet | Noticed a wizard
 10330 | Gauntlet | HP: 3/102 [hell hound/blast of flame (19)]
 10330 | Gauntlet | Killed from afar by an efreet

Illustrated notes

Levels and vault maps discovered:
D:1:      lemuel_arrival_rhombus, layout_basic, minmay_misc_feat_columns,
          chequers_serial_rivers_micro_e
D:2:      layout_loops_ring, shapermc_ecumenical_altar_ellora,
          kennysheep_generic_room_5
D:3:      layout_basic, corexii_corridor_pit, uniq_pargi
D:4:      layout_layer_cave, serial_shops, nicolae_shop_bloodbath_and_beyond,
          chequers_big_river, nicolae_shop_clearance
D:5:      kennysheep_six_static_rooms, layout_loops_ring,
          minmay_temple_entry_wispy, grunt_ministairs_2, uniq_blork_the_orc
D:6:      minmay_chambers_of_threes, layout_basic
D:7:      gammafunk_cloud_chamber, layout_rooms, minmay_three_doors
D:8:      layout_loops_corners, lair_entry_dummy, uniq_pikel
D:9:      layout_long_grid
D:11:     layout_roguey, david_orc_2, uniq_psyche, uniq_sonja
D:12:     layout_rooms
Temple:   nicolae_temple_the_god_donut
Orc:1:    layout_caves, rock_pile
Orc:2:    st_orc_mages, layout_caves, gauntlet_entry_generic, roderic_batcave
Gauntlet: minmay_gauntlet_mixed_oops_all_seconds
          [minmay_gauntlet_arena_77_run_for_it, nicolae_gauntlet_swirl,
          minmay_gauntlet_arena_77_checkered, gammafunk_gauntlet_arena_spirals,
          minmay_gauntlet_arena_77_two_lines, gammafunk_gauntlet_arena_split_x,
          gauntlet_exit_green]

Skill      XL: |  1  2  3  4  5  6  7  8  9 10 11 |
---------------+----------------------------------+-----
Axes           | 3 4 5 6 7 9 11 | 11.9
Fighting       | 4 5 6 7 9 10 11 | 11.2
Armour         | 4 5 6 8 9 10 | 10.3
Shields        | 4 5 6 8 9 10 | 10.3

Action                   |  1- 3 |  4- 6 |  7- 9 | 10-12 || total
-------------------------+-------+-------+-------+-------++-------
Melee: War axe           |    95 |    95 |   136 |       ||   326
       Broad axe         |       |       |    54 |   180 ||   234
Invok: Call Merchant     |       |       |       |     2 ||     2
Evoke: Wand              |       |       |       |     1 ||     1
  Use: Scroll            |    10 |     4 |     9 |     6 ||    29
       Potion            |       |       |     2 |     2 ||     4
 Stab: Distracted        |       |       |     2 |     2 ||     4
       Sleeping          |       |       |       |     1 ||     1
Armor: Scale mail        |    50 |    49 |    93 |   108 ||   300
       Skin              |       |       |     7 |       ||     7
Dodge: Dodged            |    60 |    48 |    80 |    88 ||   276
Block: Buckler           |    32 |    23 |    68 |    37 ||   160
       Kite shield       |       |       |       |    73 ||    73

Table legend: (Time is in decaauts)
 A = Elapsed time spent in this place.
 B = Non-inter-level travel time spent in this place.
 C = Inter-level travel time spent in this place.
 D = Time resting spent in this place.
 E = Time spent auto-exploring this place.
 F = Levels seen in this place.
 G = Mean time per level.
                   A        B        C        D        E       F      G
               +--------+--------+--------+--------+--------+-----+--------+
         Total |  10446 |  10010 |    436 |    552 |   7773 |  15 |  696.4 |
       Dungeon |   9595 |   9197 |    398 |    552 |   7188 |  11 |  872.3 |
        Temple |    389 |    368 |     21 |      0 |    329 |   1 |  389.0 |
  Orcish Mines |    221 |    205 |     16 |      0 |    113 |   2 |  110.5 |
      Gauntlet |    240 |    240 |      0 |      0 |    143 |   1 |  240.0 |
               +--------+--------+--------+--------+--------+-----+--------+

Top non-repeatable levels by time:
     D:6: 1455 daAuts
     D:4: 1330 daAuts
     D:5: 1174 daAuts
     D:7: 1037 daAuts
    D:11: 1017 daAuts
     D:2: 886 daAuts
     D:8: 873 daAuts
     D:3: 823 daAuts
     D:1: 817 daAuts
  Temple: 389 daAuts
Gauntlet: 240 daAuts
   Orc:1: 167 daAuts
     D:9: 162 daAuts
   Orc:2: 53 daAuts
    D:12: 15 daAuts
